| TOP OF THE 1ST |
|
Chester Pirates batting - Pitching for Niagara Falls Phantoms : RHP Yoshida Abe
|
|
Pitching: RHP Yoshida Abe
|
|
|
Batting: RHB Rusty Trader
|
0-0: Swinging Strike 0-1: Called Strike 0-2: Ball 1-2: Strikes out swinging
|
|
Batting: LHB Chad Cutler
|
0-0: Ground out 6-3 (Groundball, 6, EV 99.4 MPH)
|
|
Batting: RHB Jon Solis
|
0-0: Called Strike 0-1: Ball 1-1: Ball 2-1: Swinging Strike 2-2: Strikes out looking
|
| Top of the 1st over - 0 runs, 0 hits, 0 errors, 0 left on base; Chester 0 - Niagara Falls 0 |
| BOTTOM OF THE 1ST |
|
Niagara Falls Phantoms batting - Pitching for Chester Pirates : RHP Mike Wilkinson
|
|
Pitching: RHP Mike Wilkinson
|
|
|
Batting: LHB Carlos Palau
|
0-0: Ball 1-0: Bunt missed! 1-1: Foul Ball, location: 2F 1-2: Strikes out swinging
|
|
Batting: LHB Danny de Leon
|
0-0: Foul Ball, location: 2F 0-1: Swinging Strike 0-2: Strikes out swinging
|
|
Batting: LHB Dario Segura
|
0-0: Called Strike 0-1: Ball 1-1: Ball 2-1: Foul Ball, location: 2F 2-2: Ball 3-2: Ground out U3 (Groundball, 34, EV 81.2 MPH)
|
| Bottom of the 1st over - 0 runs, 0 hits, 0 errors, 0 left on base; Chester 0 - Niagara Falls 0 |
| TOP OF THE 2ND |
|
Chester Pirates batting - Pitching for Niagara Falls Phantoms : RHP Yoshida Abe
|
|
Batting: RHB Hector Barajas
|
0-0: Fly out, F3 (Popup, 3SF, EV 75.0 MPH)
|
|
Batting: RHB Ricky Alvarado
|
0-0: SINGLE (Groundball, 56D, EV 96.9 MPH)
|
|
Batting: LHB Kazuyoshi Ikeda
|
0-0: Called Strike Ricky Alvarado is caught stealing 2nd base 2-6 0-1: Called Strike 0-2: Foul Ball, location: 2F 0-2: Strikes out swinging
|
| Top of the 2nd over - 0 runs, 1 hit, 0 errors, 0 left on base; Chester 0 - Niagara Falls 0 |
| BOTTOM OF THE 2ND |
|
Niagara Falls Phantoms batting - Pitching for Chester Pirates : RHP Mike Wilkinson
|
|
Batting: LHB Justin Short
|
0-0: Ball 1-0: Fly out, F8 (Flyball, 8RD, EV 104.4 MPH)
|
|
Batting: RHB Yasuoka Tsuda
|
0-0: Ball 1-0: Foul Ball, location: 2F 1-1: Foul Ball, location: 2F 1-2: Strikes out swinging
|
|
Batting: RHB Ken Stair
|
0-0: Swinging Strike 0-1: Foul Ball, location: 2F 0-2: Fly out, F8 (Flyball, 8LM, EV 88.1 MPH)
|
| Bottom of the 2nd over - 0 runs, 0 hits, 0 errors, 0 left on base; Chester 0 - Niagara Falls 0 |
| TOP OF THE 3RD |
|
Chester Pirates batting - Pitching for Niagara Falls Phantoms : RHP Yoshida Abe
|
|
Batting: RHB Rafael Galicia
|
0-0: Foul Ball, location: 2F 0-1: SINGLE (Groundball, 13, EV 89.4 MPH) (infield hit)
|
|
Batting: LHB Damien Cohen
|
0-0: Ball Wild Pitch! Rafael Galicia to second 1-0: Called Strike Rafael Galicia is caught stealing 3rd base 2-5 1-1: Foul Ball, location: 2F 1-2: Ball 2-2: Fly out, F8 (Line Drive, 8RM, EV 85.6 MPH)
|
|
Batting: RHB Matt Derrien
|
0-0: Swinging Strike 0-1: Ball 1-1: Foul Ball, location: 2F 1-2: Strikes out looking
|
| Top of the 3rd over - 0 runs, 1 hit, 0 errors, 0 left on base; Chester 0 - Niagara Falls 0 |
| BOTTOM OF THE 3RD |
|
Niagara Falls Phantoms batting - Pitching for Chester Pirates : RHP Mike Wilkinson
|
|
Batting: LHB Dave Ortiz
|
0-0: Ball 1-0: Foul Ball, location: 2F 1-1: DOUBLE (Line Drive, 7LM, EV 106.9 MPH)
|
|
Batting: RHB Tchaa Kombate
|
0-0: Ball 1-0: Fly out, F9 (Flyball, 9, EV 93.8 MPH)
|
|
Batting: RHB Arturo Gomez
|
0-0: Called Strike 0-1: Ball 1-1: SINGLE (Line Drive, 4MD, EV 99.4 MPH) Dave Ortiz to third
|
|
Batting: LHB Carlos Palau
|
0-0: Called Strike 0-1: Called Strike 0-2: Ball 1-2: SINGLE (Line Drive, 78M, EV 110.6 MPH) Dave Ortiz scores Arturo Gomez to second
|
|
Batting: LHB Danny de Leon
|
0-0: Called Strike 0-1: Swinging Strike 0-2: Strikes out swinging
|
|
Batting: LHB Dario Segura
|
0-0: Foul Ball, location: 2F 0-1: Swinging Strike 0-2: Ball 1-2: Ball 2-2: DOUBLE (Line Drive, 78D, EV 104.4 MPH) Arturo Gomez scores Carlos Palau to third Runner from 3rd tries for Home, SAFE, no throw by CF
|
|
Batting: LHB Justin Short
|
0-0: Ball 1-0: Foul Ball, location: 2F 1-1: Ball 2-1: Swinging Strike 2-2: Strikes out swinging
|
| Bottom of the 3rd over - 3 runs, 4 hits, 0 errors, 1 left on base; Chester 0 - Niagara Falls 3 |
| TOP OF THE 4TH |
|
Chester Pirates batting - Pitching for Niagara Falls Phantoms : RHP Yoshida Abe
|
|
Batting: RHB Rusty Trader
|
0-0: Called Strike 0-1: Ground out 6-3 (Groundball, 4M, EV 84.4 MPH)
|
|
Batting: LHB Chad Cutler
|
0-0: Foul Ball, location: 2F 0-1: Called Strike 0-2: Ball 1-2: Strikes out looking
|
|
Batting: RHB Jon Solis
|
0-0: Foul Ball, location: 2F 0-1: Called Strike 0-2: Strikes out looking
|
| Top of the 4th over - 0 runs, 0 hits, 0 errors, 0 left on base; Chester 0 - Niagara Falls 3 |
| BOTTOM OF THE 4TH |
|
Niagara Falls Phantoms batting - Pitching for Chester Pirates : RHP Mike Wilkinson
|
|
Batting: RHB Yasuoka Tsuda
|
0-0: Foul Ball, location: 2F 0-1: Foul Ball, location: 2F 0-2: Strikes out swinging
|
|
Batting: RHB Ken Stair
|
0-0: Called Strike 0-1: Ball 1-1: SINGLE (Groundball, 56S, EV 73.1 MPH) (infield hit)
|
|
Batting: LHB Dave Ortiz
|
0-0: SINGLE (Groundball, 5D, EV 98.1 MPH) Ken Stair to second
|
|
Batting: RHB Tchaa Kombate
|
0-0: Fly out, F8 (Flyball, 8LD, EV 100.6 MPH)
|
|
Batting: RHB Arturo Gomez
|
0-0: Called Strike 0-1: Called Strike 0-2: Strikes out looking
|
| Bottom of the 4th over - 0 runs, 2 hits, 0 errors, 2 left on base; Chester 0 - Niagara Falls 3 |
| TOP OF THE 5TH |
|
Chester Pirates batting - Pitching for Niagara Falls Phantoms : RHP Yoshida Abe
|
|
Batting: RHB Hector Barajas
|
0-0: Called Strike 0-1: Swinging Strike 0-2: Strikes out swinging
|
|
Batting: RHB Ricky Alvarado
|
0-0: Hit by Pitch
|
|
Batting: LHB Kazuyoshi Ikeda
|
0-0: Foul Ball, location: 2F 0-1: Ball 1-1: Fielders Choice at 2nd, 4-6 (Groundball, 4, EV 78.1 MPH)
|
|
Batting: RHB Rafael Galicia
|
0-0: Fly out, F9 (Line Drive, 9, EV 95.0 MPH)
|
| Top of the 5th over - 0 runs, 0 hits, 0 errors, 1 left on base; Chester 0 - Niagara Falls 3 |
| BOTTOM OF THE 5TH |
|
Niagara Falls Phantoms batting - Pitching for Chester Pirates : RHP Mike Wilkinson
|
|
Batting: LHB Carlos Palau
|
0-0: Swinging Strike 0-1: Ball 1-1: SINGLE (Groundball, 4S, EV 62.5 MPH) (infield hit)
|
|
Pitching: LHP Juan Hernandez
|
|
|
Batting: LHB Danny de Leon
|
0-0: Ball 1-0: Called Strike 1-1: Foul Ball, location: 2F 1-2: Foul Ball, location: 2F 1-2: 2-RUN HOME RUN (Flyball, 9LD, EV 90.0 MPH), Distance : 338 ft
|
|
Batting: LHB Dario Segura
|
0-0: Ball 1-0: Ball 2-0: Ball 3-0: Base on Balls
|
|
Batting: LHB Justin Short
|
0-0: Swinging Strike 0-1: Ball 1-1: Called Strike 1-2: Ball 2-2: Strikes out swinging
|
|
Batting: RHB Yasuoka Tsuda
|
0-0: 2-RUN HOME RUN (Flyball, 9D, EV 96.9 MPH), Distance : 366 ft
|
|
Batting: RHB Ken Stair
|
0-0: Swinging Strike 0-1: Swinging Strike 0-2: SINGLE (Flyball, 7LS, EV 81.9 MPH)
|
|
Pitching: RHP Bill Gomez
|
|
|
Batting: LHB Dave Ortiz
|
0-0: Swinging Strike 0-1: Grounds into double play, 4-6-3 (Groundball, 4, EV 105.0 MPH)
|
| Bottom of the 5th over - 4 runs, 4 hits, 0 errors, 0 left on base; Chester 0 - Niagara Falls 7 |
| TOP OF THE 6TH |
|
Chester Pirates batting - Pitching for Niagara Falls Phantoms : RHP Yoshida Abe
|
|
Batting: LHB Damien Cohen
|
0-0: Ball 1-0: Called Strike 1-1: Ball 2-1: Foul Ball, location: 2F 2-2: Ball 3-2: Fly out, F8 (Line Drive, 8RD, EV 94.4 MPH)
|
|
Batting: RHB Matt Derrien
|
0-0: Called Strike 0-1: Called Strike 0-2: Strikes out swinging
|
|
Batting: RHB Rusty Trader
|
0-0: Ball 1-0: Foul Ball, location: 2F 1-1: Foul Ball, location: 2F 1-2: Foul Ball, location: 2F 1-2: Strikes out swinging
|
| Top of the 6th over - 0 runs, 0 hits, 0 errors, 0 left on base; Chester 0 - Niagara Falls 7 |
| BOTTOM OF THE 6TH |
|
Niagara Falls Phantoms batting - Pitching for Chester Pirates : RHP Bill Gomez
|
|
Batting: RHB Tchaa Kombate
|
0-0: Called Strike 0-1: Ball 1-1: Swinging Strike 1-2: SOLO HOME RUN (Flyball, 7D, EV 96.2 MPH), Distance : 369 ft
|
|
Batting: RHB Arturo Gomez
|
0-0: Called Strike 0-1: Ball 1-1: Called Strike 1-2: Foul Ball, location: 2F 1-2: Ground out 5-3 (Groundball, 5, EV 85.0 MPH)
|
|
Batting: LHB Carlos Palau
|
0-0: Ball 1-0: Called Strike 1-1: Ball 2-1: Ball 3-1: Foul Ball, location: 2F 3-2: Strikes out swinging
|
|
Batting: LHB Danny de Leon
|
0-0: Called Strike 0-1: Ball 1-1: Ball 2-1: Ball 3-1: Base on Balls
|
|
Pitching: LHP Angel Juarez
|
|
|
Batting: LHB Dario Segura
|
0-0: Ball 1-0: Ball 2-0: Ball 3-0: Base on Balls Danny de Leon to second
|
|
Batting: LHB Justin Short
|
0-0: Fly out, F3 (Line Drive, 3D, EV 63.1 MPH)
|
| Bottom of the 6th over - 1 run, 1 hit, 0 errors, 2 left on base; Chester 0 - Niagara Falls 8 |
| TOP OF THE 7TH |
|
Chester Pirates batting - Pitching for Niagara Falls Phantoms : RHP Yoshida Abe
|
|
Batting: LHB Chad Cutler
|
0-0: Called Strike 0-1: Swinging Strike 0-2: Strikes out looking
|
|
Batting: RHB Jon Solis
|
0-0: Ball 1-0: Foul Ball, location: 2F 1-1: Ball 2-1: Ball 3-1: Called Strike 3-2: SINGLE (Groundball, 56D, EV 103.8 MPH)
|
|
Batting: RHB Hector Barajas
|
0-0: Foul Ball, location: 2F 0-1: Called Strike 0-2: Foul Ball, location: 2F 0-2: Fly out, F7 (Flyball, 7S, EV 95.0 MPH)
|
|
Batting: RHB Ricky Alvarado
|
0-0: Ball 1-0: Ball 2-0: Foul Ball, location: 2F 2-1: Ball 3-1: Called Strike 3-2: Ground out 6-3 (Groundball, 6S, EV 93.8 MPH)
|
| Top of the 7th over - 0 runs, 1 hit, 0 errors, 1 left on base; Chester 0 - Niagara Falls 8 |
| BOTTOM OF THE 7TH |
|
Niagara Falls Phantoms batting - Pitching for Chester Pirates : LHP Angel Juarez
|
|
Batting: RHB Yasuoka Tsuda
|
0-0: Called Strike 0-1: Ball 1-1: Fly out, F7 (Flyball, 7, EV 97.5 MPH)
|
|
Batting: RHB Ken Stair
|
0-0: Swinging Strike 0-1: Ball 1-1: Called Strike 1-2: Ball 2-2: Ball 3-2: DOUBLE (Flyball, 78D, EV 106.2 MPH)
|
|
Batting: LHB Dave Ortiz
|
0-0: Ball 1-0: Called Strike 1-1: Ball 2-1: Swinging Strike 2-2: Ground out 4-3 (Groundball, 4, EV 86.9 MPH) Ken Stair to third
|
|
Batting: RHB Tchaa Kombate
|
0-0: Called Strike 0-1: Ball 1-1: Ground out 6-3 (Groundball, 6MD, EV 87.5 MPH)
|
| Bottom of the 7th over - 0 runs, 1 hit, 0 errors, 1 left on base; Chester 0 - Niagara Falls 8 |
| TOP OF THE 8TH |
|
Chester Pirates batting - Pitching for Niagara Falls Phantoms : RHP Yoshida Abe
|
|
Batting: LHB Kazuyoshi Ikeda
|
0-0: Ball 1-0: Called Strike 1-1: Called Strike 1-2: Strikes out looking
|
|
Batting: RHB Rafael Galicia
|
0-0: Called Strike 0-1: Swinging Strike 0-2: Ball 1-2: Strikes out swinging
|
|
Batting: LHB Damien Cohen
|
0-0: Called Strike 0-1: Foul Ball, location: 2F 0-2: Foul Ball, location: 2F 0-2: Strikes out swinging
|
| Top of the 8th over - 0 runs, 0 hits, 0 errors, 0 left on base; Chester 0 - Niagara Falls 8 |
| BOTTOM OF THE 8TH |
|
Niagara Falls Phantoms batting - Pitching for Chester Pirates : LHP Angel Juarez
|
|
Batting: RHB Arturo Gomez
|
0-0: Called Strike 0-1: Foul Ball, location: 2F 0-2: Ground out 5-3 (Groundball, 56, EV 85.0 MPH)
|
|
Batting: LHB Carlos Palau
|
0-0: Called Strike 0-1: SINGLE (Line Drive, 6MD, EV 98.1 MPH)
|
|
Batting: LHB Danny de Leon
|
0-0: Foul Ball, location: 2F 0-1: Ball 1-1: Called Strike 1-2: Ball 2-2: Foul Ball, location: 2F 2-2: Ball 3-2: DOUBLE (Line Drive, 89M, EV 98.1 MPH) Carlos Palau to third Runner from 3rd tries for Home, SAFE, throw by RF to home
|
|
Batting: LHB Dario Segura
|
0-0: Ball 1-0: Ball 2-0: Ball 3-0: Base on Balls
|
|
Batting: LHB Justin Short
|
0-0: Called Strike 0-1: Ball 1-1: Ball 2-1: Called Strike 2-2: Foul Ball, location: 2F 2-2: Ball 3-2: Base on Balls Danny de Leon to third Dario Segura to second
|
|
Batting: RHB Yasuoka Tsuda
|
0-0: Foul Ball, location: 2F 0-1: Ball 1-1: Ball 2-1: Ball 3-1: Base on Balls Danny de Leon scores Dario Segura to third Justin Short to second
|
|
Pitching: RHP Justin Rousell
|
|
|
Batting: RHB Ken Stair
|
0-0: Ball 1-0: Called Strike 1-1: SINGLE (Groundball, 6D, EV 98.1 MPH) Dario Segura scores Justin Short to third Yasuoka Tsuda to second Runner from 3rd tries for Home, throw by LF and OUT! 7-2
|
|
Batting: LHB Dave Ortiz
|
0-0: Ball 1-0: Swinging Strike 1-1: Foul Ball, location: 2F 1-2: Strikes out swinging
|
| Bottom of the 8th over - 3 runs, 3 hits, 0 errors, 2 left on base; Chester 0 - Niagara Falls 11 |
| TOP OF THE 9TH |
|
Chester Pirates batting - Pitching for Niagara Falls Phantoms : RHP Yoshida Abe
|
|
Batting: RHB Matt Derrien
|
0-0: Ball 1-0: Foul Ball, location: 2F 1-1: Ground out 6-3 (Groundball, 6, EV 87.5 MPH)
|
|
Batting: RHB Rusty Trader
|
0-0: Ball 1-0: Foul Ball, location: 2F 1-1: Swinging Strike 1-2: Strikes out swinging
|
|
Batting: LHB Chad Cutler
|
0-0: Ball 1-0: SINGLE (Line Drive, 89S, EV 103.8 MPH)
|
|
Batting: RHB Jon Solis
|
0-0: Ball 1-0: Ball 2-0: Ball 3-0: Base on Balls Chad Cutler to second
|
|
Batting: RHB Hector Barajas
|
0-0: Fly out, F9 (Line Drive, 9S, EV 91.2 MPH)
|
| Top of the 9th over - 0 runs, 1 hit, 0 errors, 2 left on base; Chester 0 - Niagara Falls 11 |
|